 Dungeon Crawl Stone Soup version 0.30-a0-358-g0d69a1922f (webtiles) character file.

Game seed: 13428444608551828020

203 kae the Changer (level 5, -2/40 HPs)
             Began as a Draconian Transmuter on Nov 10, 2022.
             Slain by Grinder (5 damage)
             ... on level 4 of the Dungeon.
             The game lasted 00:03:45 (3206 turns).

kae the Changer (Draconian Transmuter)              Turns: 3206, Time: 00:03:45

Health: -2/40      AC:  2    Str: 12    XL:     5   Next: 51%
Magic:  0/9        EV: 19    Int: 15    God:
Gold:   159        SH:  0    Dex: 17    Spells: 4/10 levels left

rFire   . . .      SeeInvis .      - Unarmed
rCold   . . .      Faith    .    (shield currently unavailable)
rNeg    . . .      Spirit   +    (body armour unavailable)
rPois   x          Reflect  .    (helmet currently unavailable)
rElec   .          Harm     .    (cloak currently unavailable)
rCorr   +          Rampage  .    (gloves currently unavailable)
Will    .....                    (boots currently unavailable)
Stlth   ++........               G - amulet of guardian spirit
HPRegen 0.26/turn                R - ring of resist corrosion
MPRegen 0.11/turn                (no ring)

@: spider-form, wereblooded (expiring)
A: venomous fangs, AC +5, tiny, unfitting armour, (cold-blooded)
a: End Transformation


You were on level 4 of the Dungeon.
You were a venomous arachnid creature.
You visited 1 branch of the dungeon, and saw 4 of its levels.

You collected 159 gold pieces.


Innate Abilities, Weirdness & Mutations

You are a venomous arachnid creature.
You have poisonous fangs.
You are tiny and dextrous.
Your spellcasting is less reliable in this form.
Your armour is entirely melded.
You are incapable of wielding weapons or throwing items.
((Your plain brown scales are hard. (AC +5)))
You cannot fit into any form of body armour.
((You are cold-blooded and may be slowed by cold attacks.))


   Skills:
 - Level 1.1 Fighting
 - Level 1.7 Dodging
 - Level 3.0 Unarmed Combat
 + Level 3.1 Spellcasting
 * Level 4.3 Transmutations
 * Level 2.5 Poison Magic


You had 4 spell levels left.
You knew the following spells:

 Your Spells              Type           Power      Damage    Failure   Level
a - Beastly Appendage     Tmut           30%        N/A       11%         1
b - Wereblood             Tmut           15%        N/A       14%         2
c - Spider Form           Tmut/Pois      12%        N/A       32%         3

Your spell library contained the following spells:

 Spells                   Type           Power      Damage    Failure   Level
 Poisonous Vapours        Pois/Air       12%        N/A       38%         2
 Apportation              Tloc           4%         N/A       41%         1
 Necrotise                Necr           8%         1d4       41%         1
 Summon Small Mammal      Summ           8%         N/A       41%         1
 Cigotuvi's Dreadful Rot  Necr/Pois/Air  8%         N/A       43%         2
 Mephitic Cloud           Conj/Pois/Air  4%         N/A       61%         3
 Ice Form                 Ice/Tmut       8%         N/A       82%         4

Inventory:

Missiles
 d - 10 poisoned darts
 h - 45 stones
 l - a throwing net {=f!f}
Armour
 b - a +1 cloak (melded)
   (You found it on level 1 of the Dungeon)
Jewellery
 G - an amulet of guardian spirit (around neck)
   (You found it on level 2 of the Dungeon)
 R - a ring of resist corrosion (left front leg)
   (You found it on level 3 of the Dungeon)
Wands
 c - a wand of iceblast (18)
   (You found it on level 3 of the Dungeon)
Scrolls
 g - 2 scrolls of teleportation {@r4}
 k - a scroll of summoning
 n - a scroll of fear
Potions
 a - a potion of lignification {!q}
 e - a potion of degeneration {!q}
 f - 3 potions of flight
 i - 2 potions of magic
 j - a potion of brilliance {unknown}
 m - a potion of invisibility {unknown}

Dungeon Overview and Level Annotations

Branches:
Dungeon (4/15) Zot: 20754
 Temple: D:4-7

Altars:

Annotations:
D:4 Grinder

...... .. .... . ....
##. ... .g. ####.. #g#
#..#.# # #.# #..#5# .#
#g# #######..#s###.#
#)# #.)......#.....#
#)# #.######.#....##
#.###)#......##.###
#.g...#.#....##...#
###.....#.......#.#
##...##........#.#.###
#..#.#...#...#.#.....#
#..+.#...#........##.#


You could see Grinder (very poisoned).


Message History

Your primal bloodlust is almost over.
You start resting.
Your transformation is almost over.
You howl as the wereblood boils in your veins!
Your primal bloodlust has ended. 😱 HP[+2]
You regained 2 hp, and now have 6/40 hp. 😱 MP[+1]
You start resting.
Your horns disappear.
Your talons disappear. 😨 HP[+9] MP[+4]
You regained 9 hp, and now have 15/40 hp.
You regained 4 mp, and now have 7/9 mp.
Unknown command.
An orc comes into view.
It is wielding a +0 short sword. 😎 HP[+25] MP[+2]
Your hp is fully restored (40).
Your mp is fully restored (9).
An orc is nearby!
An orc is nearby!
An orc is nearby!
Grinder comes into view.
Grinder shouts!
Unknown command.
Unknown command.
Grinder blinks!
An orc comes into view. It is wielding a +0 club.
Unknown command.
Casting: Beastly Appendage (safe; 3% risk of failure)
Confirm with . or Enter, or press ? or * to list all spells.
You turn into a venomous arachnid creature.
Your +1 cloak melds into your body. 😎 MP[-3]
You lost 3 mp, and now have 6/9 mp.
Casting: Spider Form (quite dangerous; 32% risk of failure)
Confirm with . or Enter, or press ? or * to list all spells.
Your blood is infused with primal strength. 😎 MP[-2]
You lost 2 mp, and now have 4/9 mp.
Unknown command.
Grinder gestures at you.
You suddenly lose the ability to move!
Your transformation is almost over.
The orc hits you with a +0 club. x3
You can move again. 😮 HP[-10] MP[-1]
You take 10 damage, and now have 30/40 hp.
MASSIVE DAMAGE!! (PAUSE)
You lost 1 mp, and now have 3/9 mp.
You hit the orc.
The orc is poisoned.
The orc completely misses you.
You hit the orc but do no damage.
The orc looks as sick as possible!
You feel a bit better.
You kill the orc! 😕 HP[+3]
You regained 3 hp, and now have 33/40 hp.
Unknown command.
You hit Grinder but do no damage. Grinder completely misses you.
You hit Grinder but do no damage. Grinder misses you.
You barely miss Grinder. Grinder gestures at you.
You barely resist.
Unknown command.
You barely miss Grinder.
Your transformation has ended.
Your +1 cloak unmelds from your body.
Grinder closely misses you. 😕 HP[+1]
You closely miss Grinder. You tail-slap Grinder. Grinder gestures at you.
You suddenly lose the ability to move!
Grinder hits you but does no damage.
You can move again. 😕 MP[+1] Unknown command.
Unknown command.
Unknown command.
Casting: Wereblood (safe; 4% risk of failure)
Confirm with . or Enter, or press ? or * to list all spells.
You turn into a venomous arachnid creature.
Your +1 cloak melds into your body.
Grinder hits you but does no damage. Grinder hits you!
You writhe in agony. 😮 HP[-11] MP[-4]
You take 11 damage, and now have 23/40 hp.
MASSIVE DAMAGE!! (PAUSE)
You lost 4 mp, and now have 0/9 mp.
You hit Grinder but do no damage.
You hiss as the wereblood boils in your veins!
Grinder gestures at you.
You suddenly lose the ability to move!
Grinder hits you.
You writhe in agony.
* * * LOW HITPOINT WARNING * * *
Grinder hits you.
* * * LOW HITPOINT WARNING * * *
You writhe in agony.
* * * LOW HITPOINT WARNING * * *
You can move again.
You hit Grinder.
Grinder is poisoned.
Your primal bloodlust is almost over.
Grinder hits you!
* * * LOW HITPOINT WARNING * * *
You writhe in agony.
You die...

Skill      XL: |  1  2  3  4  5 |
---------------+----------------+-----
Transmutations | 3 4 |  4.3
Poison Magic   | 1 2 |  2.5
Spellcasting   | 3 |  3.1
Fighting       | |  1.1
Dodging        | |  1.7
Unarmed Combat | |  3.0

Action                   |  1- 3 |  4- 6 || total
-------------------------+-------+-------++-------
Melee: Unarmed           |   129 |    89 ||   218
       Headbutt          |    13 |     3 ||    16
       Kick              |    16 |     7 ||    23
       Tailslap          |     9 |     5 ||    14
       Punch             |     2 |     1 ||     3
 Cast: Beastly Appendage |    21 |     9 ||    30
       Spider Form       |     1 |     7 ||     8
       Wereblood         |       |     2 ||     2
  Use: Scroll            |     5 |     3 ||     8
 Stab: Sleeping          |     2 |       ||     2
Armor: Skin              |    33 |    26 ||    59
Dodge: Dodged            |    84 |    94 ||   178

Levels and vault maps discovered:
D:1:      wheals_arrival_shading, layout_rooms
D:2:      layout_loops_cross, serial_bayou, serial_bayou_shore_b,
          serial_bayou_lagoon_a, serial_bayou_pond_e, serial_bayou_pond_e,
          serial_bayou_lake_a, serial_bayou_shore_b, chequers_garden
D:3:      layout_basic, chequers_serial_rivers_micro_a, uniq_jessica
D:4:      layout_basic, kennysheep_generic_room_2, uniq_grinder,
          uniq_crazy_yiuf_cottage, uniq_robin

Notes
Turn   | Place    | Note
-------+----------+-------------------------------------------
     0 | D:1      | kae the Draconian Transmuter began the quest for the Orb.
     0 | D:1      | Reached XP level 1. HP: 16/16 MP: 3/3
     0 | D:1      | magus.rc [v1.11.3]
   125 | D:1      | Reached XP level 2. HP: 21/23 MP: 3/5
   194 | D:1      | You pick up a book of Cantrips and begin reading...
   194 | D:1      | You add the spells Necrotise, Summon Small Mammal and
                  | Apportation to your library.
   264 | D:1      | Reached skill level 3 in Transmutations
   729 | D:2      | Reached XP level 3. HP: 27/28 MP: 4/6
   732 | D:2      | Learned a level 2 spell: Wereblood
   736 | D:2      | Learned a level 3 spell: Spider Form
   785 | D:2      | You pick up a book of Vapours and begin reading...
   785 | D:2      | You add the spells Poisonous Vapours, Cigotuvi's Dreadful
                  | Rot and Mephitic Cloud to your library.
  1037 | D:2      | a +0 dagger; quicksilver dragon scales {rare}
  1610 | D:3      | Reached skill level 1 in Poison Magic
  1847 | D:3      | Reached XP level 4. HP: 12/35 MP: 1/8
  1847 | D:3      | HP: 7/35 [orc/+0 whip (5)]
  2084 | D:3      | Noticed Jessica
  2096 | D:3      | Killed Jessica
  2097 | D:3      | Reached skill level 4 in Transmutations
  2097 | D:3      | Reached skill level 2 in Poison Magic
  2097 | D:3      | Reached XP level 5. HP: 40/40 MP: 6/9
  2161 | D:3      | Reached skill level 3 in Spellcasting
  2988 | D:4      | Noticed Robin
  3022 | D:4      | Killed Robin
  3027 | D:4      | HP: 9/40 [poisoned by a goblin]
  3032 | D:4      | HP: 5/40 [poisoned by a goblin]
  3179 | D:4      | Noticed Grinder
  3188 | D:4      | Paralysed by Grinder for 5 turns
  3199 | D:4      | Paralysed by Grinder for 2 turns
  3203 | D:4      | Paralysed by Grinder for 2 turns
  3206 | D:4      | HP: 3/40 [Grinder (9)]
  3206 | D:4      | Slain by Grinder

Vanquished Creatures
  An orc priest (D:3)
  Jessica (D:3)
  Robin (D:4)
  4 gnolls
  2 adders
  2 worms
  6 orcs
  4 ball pythons
  5 endoplasms
  A giant cockroach (D:3)
  11 goblins
  5 hobgoblins
  7 kobolds
  3 quokkas
  4 bats
  5 frilled lizards
  5 rats
67 creatures vanquished.

Vanquished Creatures (others)
  19 plants (D:2)
19 creatures vanquished.

Grand Total: 86 creatures vanquished

Table legend:
 A = Non-vault XP
 B = Vault XP
 C = Vault XP percentage of total XP
 D = Non-vault monster count
 E = Vault monster count
 F = Vault count percentage of total count
                 A         B        C        D         E       F
            +---------+---------+-------+---------+---------+-------
      Total |     218 |      73 |  25.1 |      55 |      12 |  17.9
            +---------+---------+-------+---------+---------+-------
        D:1 |      40 |       0 |   0.0 |      17 |       0 |   0.0
        D:2 |      40 |       0 |   0.0 |      14 |       0 |   0.0
        D:3 |     132 |      37 |  21.9 |      21 |       1 |   4.5
        D:4 |       6 |      36 |  85.7 |       3 |      11 |  78.6
            +---------+---------+-------+---------+---------+-------

Illustrated notes

Table legend:
 A = Kills in this place as a percentage of kills in entire the game.
 B = Kills by you in this place as a percentage of kills by you in the entire game.
 C = Kills by friends in this place as a percentage of kills by friends in the entire game.
 D = Other kills in this place as a percentage of other kills in the entire game.
 E = Experience gained in this place as a percentage of experience gained in the entire game.
 F = Experience gained in this place divided by the number of levels of this place that you have seen.
                   A       B       C       D       E      F
               +-------+-------+-------+-------+-------+----------------------
         Total | 100.0 | 100.0 |   N/A |   N/A | 100.0 |  72.8
       Dungeon | 100.0 | 100.0 |   N/A |   N/A | 100.0 |  72.8
               +-------+-------+-------+-------+-------+----------------------

Table legend: (Time is in decaauts)
 A = Elapsed time spent in this place.
 B = Non-inter-level travel time spent in this place.
 C = Inter-level travel time spent in this place.
 D = Time resting spent in this place.
 E = Time spent auto-exploring this place.
 F = Levels seen in this place.
 G = Mean time per level.
                   A        B        C        D        E       F      G
               +--------+--------+--------+--------+--------+-----+--------+
         Total |   3244 |   3151 |     93 |     46 |   2525 |   4 |  811.0 |
       Dungeon |   3244 |   3151 |     93 |     46 |   2525 |   4 |  811.0 |
               +--------+--------+--------+--------+--------+-----+--------+

Top non-repeatable levels by time:
     D:3: 1202 daAuts
     D:2: 910 daAuts
     D:1: 722 daAuts
     D:4: 408 daAuts
